 Dungeon Crawl Stone Soup version 0.25-a0-36-g303dd5b1f4 (webtiles) character file.

Game seed: 12609378612062172352, levelgen mode: deterministic

2517 Arixos the Skirmisher (level 9, 0/63 HPs)
             Began as a Demonspawn Monk on Oct 20, 2019.
             Was a Believer of Hepliaklqana.
             Killed from afar by a guardian serpent (12 damage)
             ... with a bolt of poison
             ... on level 10 of the Dungeon.
             The game lasted 00:43:15 (8094 turns).

Arixos the Skirmisher (Demonspawn Monk)             Turns: 8094, Time: 00:43:16

Health: 0/63       AC: 10    Str: 13    XL:     9   Next: 29%
Magic:  0/9        EV: 12    Int: 14    God:    Hepliaklqana [**....]
Gold:   402        SH:  0    Dex: 15    Spells: 7/8 levels left

rFire    . . .     SeeInvis .   E - +0 trident
rCold    + . .     Gourm    .   (no shield)
rNeg     . . .     Faith    .   F - +0 scale mail
rPois    .         Spirit   +   (helmet restricted)
rElec    .         Reflect  .   D - scarf {Spirit}
rCorr    .         Harm     .   (no gloves)
MR       +....                  p - +0 pair of boots (curse)
Stlth    ++........             y - amulet of regeneration
HPRegen  0.60/turn              d - ring of protection from cold
MPRegen  0.11/turn              w - ring of protection from magic

@: lethally poisoned (0 -> -11), drained
A: reduced essence, horns 1, slimy green scales 1, demonic guardian 1,
nightstalker 1
a: Recall Ancestor, Ancestor Identity, Renounce Religion


You were on level 10 of the Dungeon.
You worshipped Hepliaklqana.
Hepliaklqana was pleased with you.
You were not hungry.

You visited 2 branches of the dungeon, and saw 9 of its levels.

You collected 402 gold pieces.

Inventory:

Hand Weapons
 c - a +1 dagger of venom
 l - a +1 scythe
 E - a +0 trident (weapon)
Missiles
 n - 31 poisoned darts (quivered)
Armour
 p - a cursed +0 pair of boots (worn)
 D - a scarf of spirit shield (worn)
 F - a +0 scale mail (worn)
Jewellery
 d - a ring of protection from cold (left hand)
 w - a ring of protection from magic (right hand)
 y - an amulet of regeneration (around neck)
Wands
 r - a wand of random effects (18)
 x - a wand of flame (26)
 A - a wand of disintegration (12)
Scrolls
 a - a scroll of teleportation
 h - 2 scrolls of identify
 i - 3 scrolls of remove curse
 j - 2 scrolls of immolation
 k - a scroll of blinking {unknown}
 s - 2 scrolls of enchant weapon
 t - 3 scrolls of magic mapping {unknown}
 v - 2 scrolls of fear
 G - a scroll of amnesia {unknown}
Potions
 e - a potion of berserk rage {unknown}
 f - 3 potions of lignification
 g - 4 potions of curing {unknown}
 o - 4 potions of might {unknown}
 q - a potion of agility {unknown}
 u - 2 potions of degeneration {unknown}
 z - a potion of flight {unknown}
 B - a potion of brilliance {unknown}
 C - a potion of heal wounds {unknown}
Comestibles
 b - 10 rations
 m - 3 chunks of flesh


   Skills:
 + Level 6.9(5.9) Fighting
 - Level 1.6(0.7) Short Blades
 + Level 4.9(4.0) Polearms
 + Level 5.4(4.4) Armour
 + Level 6.2(5.2) Dodging
 - Level 2.8(1.9) Stealth
 - Level 2.6(1.8) Unarmed Combat
 + Level 0.4(0.0) Spellcasting
 + Level 0.6(0.0) Hexes


You had 7 spell levels left.
You knew the following spells:

 Your Spells              Type           Power        Failure   Level  Hunger
t - Confusing Touch       Hex            #.....       77%         1    ##.....

Your spell library contained the following spells:

 Spells                   Type           Power        Failure   Level  Hunger
 Summon Small Mammal      Summ           #...         77%         1    ##.....
 Call Imp                 Summ           #.......     88%         2    ###....
 Call Canine Familiar     Summ           #.......     98%         3    ####...
 Confuse                  Hex            #.......     98%         3    ####...
 Gell's Gravitas          Tloc           #.........   98%         3    ####...
 Summon Guardian Golem    Hex/Summ       #.......     98%         3    ####...
 Petrify                  Tmut/Erth      #.......     100%        4    #####..
 Summon Ice Beast         Ice/Summ       #.......     100%        4    #####..
 Summon Lightning Spire   Summ/Air       #.......     100%        4    #####..
 Metabolic Englaciation   Hex/Ice        #.........   100%        5    ######.
 Yara's Violent Unravell  Hex/Tmut       #.........   100%        5    ######.


Dungeon Overview and Level Annotations

Branches:
Dungeon (7/15)             Temple (1/1) D:7

Altars:
Ashenzari
Cheibriados
Dithmenos
Elyvilon
Fedhas
Gozag
Hepliaklqana
Kikubaaqudgha
Nemelex Xobeh
Okawaru
Qazlal
Sif Muna
Trog
Uskayaw
Vehumet
Wu Jian
Xom
Yredelemnul
Zin
The Shining One

Shops:
D:5 %


Innate Abilities, Weirdness & Mutations

You have a pair of small horns on your head.
You are partially covered in slimy green scales. (AC +2)
A weak demonic guardian rushes to your aid.
You are slightly more attuned to the shadows.
Your life essence is reduced to manifest your ancestor. (-10% HP)


Message History

You feel sick. The guardian serpent barely misses you.
The guardian serpent closely misses you.
Kelly hits the guardian serpent with a +0 dagger of draining.
You swap places.
You feel sick. The guardian serpent hits you!!
Kelly hits the guardian serpent but does no damage.
You feel sick. The guardian serpent hits you!
* * * LOW HITPOINT WARNING * * *
Kelly gestures at the guardian serpent while chanting.
The guardian serpent resists with almost no effort.
Your iron imp completely misses the guardian serpent.
Kelly points at the guardian serpent and mumbles some strange words.
The guardian serpent resists with almost no effort.
You closely miss the guardian serpent.
Your headbutt misses the guardian serpent.
The guardian serpent is moderately wounded.
You feel sick.
The guardian serpent casts a spell at you.
The bolt of poison hits you!
You are more poisoned.
You die...

.......... .... .#..........
..... ..#.......... .....
...#..........
#...##+##..##..........
#..........#...........
#.....@...##........... ..
#.....S5..#........###.
..#+#####...).....#........# #.
..............R...#........# #.
..................#........# #.
..................#####'####.##
..............................
/.............................
......###'###....>.....#######


You could see the friendly Kelly the hexer, a guardian serpent and a friendly
iron imp.

Vanquished Creatures
  Sigmund (D:2)
  A hungry ghost (D:7)
  A sky beast (D:5)
  2 ogres (D:5)
  A bullfrog (D:5)
  2 gnoll sergeants (D:5)
  3 scorpions
  5 wights
  A crimson imp (D:5)
  A bullfrog zombie (D:5)
  5 hounds (D:5)
  2 jellies
  A centaur zombie (D:5)
  2 orc priests
  A gnoll shaman (D:5)
  Jessica (D:3)
  3 iguanas
  2 orc wizards
  5 worker ants
  2 worker ant zombies
  17 gnolls (D:5)
  8 adders
  3 shadow imps
  2 oozes
  An adder skeleton (D:6)
  2 worms (D:2)
  6 dart slugs
  8 leopard geckos
  19 orcs
  4 bats
  10 giant cockroaches
  9 goblins
  12 hobgoblins
  8 jackals
  3 quokkas
  6 frilled lizards
  A giant cockroach zombie (D:5)
  A jackal skeleton (D:6)
  18 kobolds
  A leopard gecko zombie (D:5)
  3 rats
184 creatures vanquished.

Vanquished Creatures (collateral kills)
  An ice beast (D:5)
  An ogre (D:6)
  A necrophage (D:7)
  A centaur (D:7)
  A big kobold (D:7)
  A crimson imp (D:7)
  A hound (D:5)
  2 orc wizards
  A hound zombie (D:5)
  An adder (D:4)
  A worm (D:4)
  3 orcs
  A jackal (D:5)
  2 kobolds (D:7)
18 creatures vanquished.

Grand Total: 202 creatures vanquished

Notes
Turn   | Place    | Note
-------+----------+-------------------------------------------
     0 | D:1      | Arixos the Demonspawn Monk began the quest for the Orb.
     0 | D:1      | Reached XP level 1. HP: 18/18 MP: 1/1
    73 | D:1      | Gained mutation: You are slightly more attuned to the
                  | shadows. [demonic ancestry]
    73 | D:1      | Reached XP level 2. HP: 12/24 MP: 2/2
   386 | D:1      | Reached skill level 1 in Armour
   700 | D:1      | Reached XP level 3. HP: 29/29 MP: 3/3
   857 | D:2      | Noticed Sigmund
   870 | D:2      | Killed Sigmund
   870 | D:2      | Reached skill level 1 in Short Blades
   870 | D:2      | Reached XP level 4. HP: 22/37 MP: 4/4
   870 | D:2      | Gained mutation: A weak demonic guardian rushes to your
                  | aid. [demonic ancestry]
   870 | D:2      | Reached XP level 5. HP: 25/42 MP: 5/5
  1294 | D:2      | Found a faded altar of an unknown god.
  2357 | D:3      | Reached XP level 6. HP: 18/48 MP: 6/6
  2634 | D:3      | Found a hide-covered altar of Uskayaw.
  2686 | D:3      | Found an iron altar of Okawaru.
  2877 | D:3      | Noticed Jessica
  2894 | D:3      | Killed Jessica
  2894 | D:3      | Reached skill level 1 in Polearms
  4169 | D:4      | Reached XP level 7. HP: 25/55 MP: 7/7
  4342 | D:4      | Found a radiant altar of Vehumet.
  4742 | D:5      | Entered Level 5 of the Dungeon
  4987 | D:5      | Reached skill level 5 in Fighting
  5360 | D:5      | Gained mutation: You have a pair of small horns on your
                  | head. [demonic ancestry]
  5360 | D:5      | Reached XP level 8. HP: 56/63 MP: 8/8
  5385 | D:5      | Found a glowing silver altar of Zin.
  5486 | D:5      | Reached skill level 5 in Dodging
  5953 | D:5      | Found Gosy's Food Emporium.
  6886 | D:7      | Reached skill level 5 in Armour
  6922 | D:7      | Gained mutation: You are partially covered in slimy green
                  | scales. (AC +2) [demonic ancestry]
  6922 | D:7      | Reached XP level 9. HP: 65/71 MP: 6/9
  6967 | D:7      | Found a shimmering altar of Xom.
  7556 | D:7      | Found a staircase to the Ecumenical Temple.
  7578 | Temple   | Entered the Ecumenical Temple
  7751 | Temple   | Became a worshipper of Hepliaklqana the Forgotten
  7751 | Temple   | Reached * piety under Hepliaklqana
  7751 | Temple   | Reached ** piety under Hepliaklqana
  7752 | Temple   | Remembered your ancestor Kelly as a hexer
  7777 | Temple   | Learned a level 1 spell: Confusing Touch
  8030 | D:7      | You fall into a shaft and drop 3 floors!
  8030 | D:10     | Entered Level 10 of the Dungeon
  8071 | D:10     | Noticed a guardian serpent
  8094 | D:10     | Killed from afar by a guardian serpent

Levels and vault maps discovered:
D:1:      lightli_iron_boxes, layout_rooms
D:2:      layout_basic, chequers_ecumenical_altar_simple_redux, uniq_sigmund
D:3:      layout_loops_corners, overflow_temple_1_default,
          okawaru_altar_gauntlet_db, portal_sewer_entry_f, uniq_jessica
D:4:      layout_loops_ring, vehumet_altar_wand_db, first_ration
D:5:      kennysheep_spiral_hall, layout_cave_pools, zin_statuary,
          serial_gnoll_camp, gnoll_camp_mini_hut, gnoll_camp_mini_doghouse,
          gnoll_camp_mini_shop, gnoll_camp_medium_01
D:6:      layout_rooms
D:7:      layout_rooms, minmay_temple_entry_grid, dk_xom_monty_hall
D:10:     layout_irregular_city, nrook_guardian_serpent_double
Temple:   nicolae_temple_elliptical

Skill      XL: |  1  2  3  4  5  6  7  8  9 |
---------------+----------------------------+-----
Dodging        | 3 4 5 6 |  6.2
Armour         | 1 2 3 5 |  5.4
Stealth        | 2 |  2.8
Short Blades   | 1 |  1.6
Fighting       | 4 5 6 |  6.9
Polearms       | 2 3 4 |  4.9
Unarmed Combat | |  2.6
Spellcasting   | |  0.4
Hexes          | |  0.6

Action                   |  1- 3 |  4- 6 |  7- 9 || total
-------------------------+-------+-------+-------++-------
Melee: Unarmed           |    65 |       |       ||    65
       Dagger            |    32 |   254 |   514 ||   800
       Punch             |       |       |     5 ||     5
       Headbutt          |       |       |    94 ||    94
       Trident           |       |       |    26 ||    26
Invok: Recall Ancestor   |       |       |     1 ||     1
       Ancestor Life: He |       |       |     1 ||     1
       Ancestor Identity |       |       |     1 ||     1
  Use: Scroll            |       |     5 |     3 ||     8
       Potion            |       |     1 |       ||     1
 Stab: Sleeping          |     8 |    13 |     6 ||    27
       Distracted        |       |       |     2 ||     2
  Eat: Chunk             |       |    11 |    11 ||    22
       Ration            |       |       |     2 ||     2
Armor: Robe              |    10 |       |       ||    10
       Leather armour    |       |    33 |    38 ||    71
       Skin              |       |     3 |       ||     3
       Scale mail        |       |       |   113 ||   113
Dodge: Dodged            |    70 |   147 |   292 ||   509

Table legend:
 A = Non-vault XP
 B = Vault XP
 C = Vault XP percentage of total XP
 D = Non-vault monster count
 E = Vault monster count
 F = Vault count percentage of total count
                 A         B        C        D         E       F
            +---------+---------+-------+---------+---------+-------
      Total |    2680 |     917 |  25.5 |     160 |      42 |  20.8
            +---------+---------+-------+---------+---------+-------
        D:1 |      45 |       0 |   0.0 |      25 |       0 |   0.0
        D:2 |      67 |     227 |  77.2 |      22 |       1 |   4.3
        D:3 |     111 |      63 |  36.2 |      22 |      13 |  37.1
        D:4 |     313 |       2 |   0.6 |      21 |       1 |   4.5
        D:5 |     973 |     581 |  37.4 |      31 |      25 |  44.6
        D:6 |     479 |       0 |   0.0 |      20 |       0 |   0.0
        D:7 |     692 |      44 |   6.0 |      19 |       2 |   9.5
            +---------+---------+-------+---------+---------+-------
